 Dungeon Crawl Stone Soup version 0.16.1-29-g3e760ad (webtiles) character file.

1950 CcS the Basher (level 8, -2/62 HPs)
             Began as a Minotaur Gladiator on June 6, 2015.
             Was an Initiate of Ru.
             Slain by an orc warrior
             ... wielding a +0 long sword
              (9 damage)
             ... on level 5 of the Dungeon.
             The game lasted 00:13:29 (8490 turns).

CcS the Basher (Minotaur Gladiator)                 Turns: 8490, Time: 00:13:29

Health: -2/62      AC: 11    Str: 19    XL:     8   Next: 99%
Magic:  3/3        EV:  8    Int:  5    God:    Ru [......]
Gold:   160        SH:  0    Dex: 14    Spells: 0 memorised, 7 levels left

rFire  . . .     SeeInvis .     D - +0 morningstar
rCold  . . .     Clarity  .     A - +0 chain mail
rNeg   . . .     SustAb   .     (no shield)
rPois  .         Gourm    .     c - +0 hat
rElec  .         Spirit   .     (no cloak)
rCorr  .         Warding  .     (no gloves)
rMut   .         Stasis   .     u - +2 pair of boots
MR     .....                    (no amulet)
Stlth  ..........               (no ring)
                                (no ring)

@: not resistant to hostile enchantments, extremely unstealthy
A: retaliatory headbutt, horns 2
a: Renounce Religion


You were on level 5 of the Dungeon.
You worshipped Ru.
Ru was noncommittal.
You were not hungry.

You visited 2 branches of the dungeon, and saw 7 of its levels.

You collected 160 gold pieces.

Inventory:

Hand weapons
 a - a +0 flail
 D - a +0 morningstar (weapon)
Missiles
 d - 3 throwing nets (quivered)
Armour
 b - a +0 leather armour
 c - a +0 hat (worn)
 k - a cursed +0 ring mail
 u - a +2 pair of boots (worn)
 A - a +0 chain mail (worn)
Magical devices
 z - a wand of magic darts (28)
 B - a wand of random effects (30)
Scrolls
 g - a scroll of enchant weapon {unknown}
 o - a scroll of fear {unknown}
 p - 7 scrolls of identify {unknown}
 r - 5 scrolls of remove curse {unknown}
 s - 2 scrolls of recharging {unknown}
 t - a scroll of enchant armour {unknown}
 w - 2 scrolls of teleportation {unknown}
 y - a scroll of magic mapping {unknown}
Potions
 e - a potion of agility {unknown}
 h - a potion of restore abilities
 m - a potion of beneficial mutation {unknown}
 n - 2 potions of poison {unknown}
 v - a potion of resistance {unknown}
Books
 q - a book of Summonings

   Spells                             Type                      Level
   a - Abjuration                     Summoning                    3
   b - Recall                         Summoning/Translocation      3
   c - Shadow Creatures               Summoning                    5
   d - Summon Demon                   Summoning                    5
   e - Summon Forest                  Summoning/Translocation      5
   f - Monstrous Menagerie            Summoning                    6
Comestibles
 f - 5 bread rations
 i - 2 meat rations
 x - a beef jerky


   Skills:
 - Level 2.4 Fighting
 + Level 13.8 Maces & Flails
 - Level 2.0 Throwing
 - Level 3.2 Dodging


You had 7 spell levels left.
You didn't know any spells.

Dungeon Overview and Level Annotations

Branches:
Dungeon (6/15)             Temple (1/1) D:4

Altars:
Ashenzari
Dithmenos
Elyvilon
Kikubaaqudgha
Nemelex Xobeh
Qazlal
Ru
Sif Muna
Trog
Vehumet
Yredelemnul
Zin


Innate Abilities, Weirdness & Mutations

You reflexively headbutt those who attack you in melee.
You have a pair of horns on your head.


Message History

Aim: an orc warrior, wielding a long sword and wearing a plate armour (moderately wounded)
The magic dart hits the orc warrior.
The orc warrior is moderately wounded.
Evoking this partially-identified wand wasted a few charges.
Evoke which item? (* to show all) (? for menu, Esc to quit)
Zapping:
B - a wand of random effects {zapped: 3} (will waste charges)
Press: ? - help, Shift-Dir - straight line, f/p - orc warrior
Aim: an orc warrior, wielding a long sword and wearing a plate armour (moderately wounded)
The orc warrior seems to speed up.
Evoking this partially-identified wand wasted a few charges.
The orc warrior hits you with a long sword!!
* * * LOW HITPOINT WARNING * * *
The orc warrior barely misses you.
Unknown command.
Evoke which item? (* to show all) (? for menu, Esc to quit)
Okay, then.
Drink which item? (? for menu, Esc to quit)
It was a potion of restore abilities.
You feel refreshed.
The orc warrior hits you with a long sword!
You die...

##### ....# ###.#########
#.........# # #.#######.# #
#.# #.# ### ## ###.#
#####.########.## ##. ....#
#<......So@.....#########..
###.#
#.###.######...............
# #.#
#.#.......###...#########..
# #.###S#.#.###.# ##.##
###. ###.........# #.# #.#
#... .######.....# #.# #.#
#.## .# ###.#.###.# ##'##
#.## .# #.......###...##
#... .# ###)######.....##
#.#.


You could see an orc warrior and an adder.

Vanquished Creatures
  The ghost of mehakun the Covered, an average DsFi of Cheibriados (D:4)
  2 orc warriors
  A sky beast (D:5)
  3 ogres
  A phantom (D:4)
  An ice beast (D:6)
  2 centaurs
  A giant frog (D:5)
  2 scorpions (D:4)
  4 hounds
  4 orc priests
  A giant frog zombie (D:6)
  2 centaur skeletons
  A worker ant (D:4)
  2 iguanas
  6 orc wizards
  Ijyb (D:2)
  A hound skeleton (D:4)
  7 adders
  3 giant mites
  3 worms
  An adder skeleton (D:4)
  4 giant geckos
  24 orcs
  3 giant cockroaches
  17 goblins
  11 hobgoblins
  9 jackals
  11 kobolds
  2 ball pythons
  8 bats
  A giant newt (D:1)
  7 rats
  A butterfly (D:4)
148 creatures vanquished.

Notes
Turn   | Place    | Note
--------------------------------------------------------------
     0 | D:1      | CcS, the Minotaur Gladiator, began the quest for the Orb.
     0 | D:1      | Reached XP level 1. HP: 18/18 MP: 1/1
     9 | D:1      | Reached skill level 4 in Maces & Flails
    73 | D:1      | Reached XP level 2. HP: 20/25 MP: 1/1
   813 | D:2      | Reached skill level 5 in Maces & Flails
   901 | D:2      | Reached XP level 3. HP: 27/30 MP: 2/2
   902 | D:2      | Noticed Ijyb
   912 | D:2      | Killed Ijyb
  1456 | D:2      | Reached skill level 6 in Maces & Flails
  1456 | D:2      | Reached XP level 4. HP: 34/37 MP: 2/2
  1662 | D:2      | Found a sacrificial altar of Ru.
  2458 | D:2      | Reached skill level 7 in Maces & Flails
  2458 | D:2      | Reached XP level 5. HP: 27/42 MP: 2/2
  3314 | D:4      | Noticed mehakun's ghost (average DsFi)
  3332 | D:4      | Killed mehakun's ghost
  3332 | D:4      | Reached skill level 8 in Maces & Flails
  3332 | D:4      | Reached XP level 6. HP: 29/50 MP: 3/3
  3514 | D:4      | Noticed a centaur
  3517 | D:4      | Killed a centaur
  3526 | D:4      | Reached skill level 9 in Maces & Flails
  3697 | D:4      | Noticed an ogre
  3772 | D:3      | Killed an ogre
  3772 | D:3      | Reached XP level 7. HP: 52/56 MP: 3/3
  3841 | D:4      | Noticed an ogre
  3849 | D:4      | Killed an ogre
  3849 | D:4      | Reached skill level 10 in Maces & Flails
  3988 | D:2      | Became a worshipper of Ru the Awakened
  4681 | D:4      | Reached skill level 11 in Maces & Flails
  4892 | D:4      | Found a staircase to the Ecumenical Temple.
  5074 | Temple   | Entered the Ecumenical Temple
  5493 | D:5      | Entered Level 5 of the Dungeon
  5517 | D:5      | Found a deep blue altar of Sif Muna.
  5521 | D:5      | Reached XP level 8. HP: 56/62 MP: 3/3
  5522 | D:5      | Found a bloodstained altar of Trog.
  5524 | D:5      | Found a white marble altar of Elyvilon.
  5525 | D:5      | Found a stormy altar of Qazlal.
  5842 | D:5      | Reached skill level 12 in Maces & Flails
  6405 | D:5      | Found a sparkling altar of Nemelex Xobeh.
  6529 | D:5      | HP: 1/62 [orc warrior/glaive (27)]
  7359 | D:5      | Reached skill level 13 in Maces & Flails
  8490 | D:5      | Slain by an orc warrior

Action                   |  1- 3 |  4- 6 |  7- 9 || total
-------------------------+-------+-------+-------++-------
Melee: Flail             |    81 |   112 |   129 ||   322
       Morningstar       |       |       |   143 ||   143
Invok: Reject Sacrifices |       |       |     1 ||     1
Evoke: Wand              |       |       |     2 ||     2
  Use: Potion            |       |       |     7 ||     7
  Eat: Chunk             |     2 |     4 |    13 ||    19
       Meat ration       |       |     1 |       ||     1
